 Dungeon Crawl Stone Soup version 0.28-a0-845-gfc338a8e3c (webtiles) character file.

Game seed: 10107865769414463674

0 spiderkeys the Ducker (level 1, -14/13 HPs)
             Began as a Deep Elf Abyssal Knight on Nov 13, 2021.
             Was a Follower of Lugonu.
             Killed from afar by a raiju (19 damage)
             ... with a living lightning
             ... on level 2 of the Abyss.
             The game lasted 00:00:28 (247 turns).

spiderkeys the Ducker (Deep Elf Abyssal Knight)      Turns: 247, Time: 00:00:29

Health: -14/13     AC:  3    Str: 10    XL:     1   Next: 0%
Magic:  4/4        EV: 12    Int: 14    God:    Lugonu [*.....]
Gold:   0          SH:  0    Dex: 15    Spells: 0/0 levels left

rFire   . . .      SeeInvis .   a - +1 short sword
rCold   . . .      Faith    .   (no shield)
rNeg    . . .      Spirit   .   b - +0 leather armour
rPois   .          Reflect  .   (no helmet)
rElec   .          Harm     .   (no cloak)
rCorr   .          Rampage  .   (no gloves)
Will    .....                   (no boots)
Stlth   +.........              (no amulet)
HPRegen 0.00/turn               (no ring)
MPRegen 0.09/turn               (no ring)

@: sick
A: no striking features
a: Renounce Religion, Depart the Abyss


You were on level 2 of the Abyss.
You worshipped Lugonu.
Lugonu was aware of your devotion.
You visited 0 branches of the dungeon, and saw 0 of its levels.
You visited the Abyss 1 time.


   Skills:
 + Level 2.4 Fighting
 + Level 2.0 Short Blades
 + Level 0.7 Armour
 + Level 2.4 Dodging
 + Level 2.0 Invocations


You couldn't memorise any spells.
You didn't know any spells.
Your spell library was empty.

Inventory:

Hand Weapons
 a - a +1 short sword (weapon)
Missiles
 c - 16 bolts
Armour
 b - a +0 leather armour (worn)

Dungeon Overview and Level Annotations

Branches:
Dungeon (0/15)

Altars:

.. .. #.. ... #...
#... ##.# ##.## #.##
##.#
#...###...###...###.[.
...#.....#.....#....
..................
#.....#.....# ..
#@..###..F### .. ##.##
##.## ##.#
##.hF###...# ..
.#..x..#.....#. ..
......[.............
h..#.....#.....#...
...###...###...###...
#.# ##.## ##.## #.# .*
#... .(.# ..


You could see an ancient zyme, a raiju and a blink frog.


Message History

🤖 Initializing magus.rc ... ✅ Successfully initialized magus.rc [v1.9.10] Welcome, spiderkeys the Deep Elf Abyssal Knight.
The heart of this dungeon contains the transcendent artefact, the Orb of Zot.
Lugonu says: Depart the Abyss and spread corruption, my servant! (use the ability menu to exit the Abyss) Press ? for a list of commands and other information.
Found a corrupted altar of Lugonu.
There is a corrupted altar of Lugonu here.
Found a gateway leading out of the Abyss.
c - 16 bolts
Found a gateway leading deeper into the Abyss.
You enter the shallow water.
Moving in this stuff is going to be slow.
There is a gateway leading deeper into the Abyss here.
There is a gateway leading deeper into the Abyss here.
You plunge deeper into the Abyss.
You enter the shallow water.
Moving in this stuff is going to be slow.
d - a scroll labelled COCISUBAEL
As you read the scroll labelled COCISUBAEL, it crumbles to dust.
You feel strangely unstable.
You feel the power of the Abyss delaying your translocation!
It was a scroll of teleportation.
Tentacles burst from the starspawn's body! 2 starspawn tentacles come into view.
You are suddenly pulled into a different region of the Abyss!
A blink frog comes into view.
A blink frog comes into view.
An ancient zyme comes into view.
You feel yourself growing ill in the presence of the ancient zyme.
The blink frog croaks.
The raiju barks!
You hear a bark!
A raiju comes into view.
The raiju barks!
The raiju bursts into living lightning!
The living lightning hits you!
Ouch! That really hurt!
* * * LOW HITPOINT WARNING * * *
The raiju blinks! x2 😨 HP[-8]
You take 8 damage, and now have 5/13 hp.
MASSIVE DAMAGE!! (PAUSE)
You feel ill.
A wretched star comes into view.
The raiju bursts into living lightning!
The living lightning hits you!!
Ouch! That really hurt!
You die...

Action                   || total
-------------------------++-------
  Use: Scroll            ||     1

Levels and vault maps discovered:
Abyss:2:  base: Temple, evilmike_abyss_exit_12

Notes
Turn   | Place    | Note
-------+----------+-------------------------------------------
     0 | Abyss:1  | spiderkeys the Deep Elf Abyssal Knight began the quest for
                  | the Orb.
     0 | Abyss:1  | Reached XP level 1. HP: 13/13 MP: 4/4
     0 | Abyss:1  | magus.rc [v1.9.10]
   156 | Abyss:1  | Found a corrupted altar of Lugonu.
   203 | Abyss:2  | Noticed a tentacled starspawn
   216 | Abyss:2  | Noticed a blink frog
   230 | Abyss:2  | Noticed a blink frog
   242 | Abyss:2  | Noticed an ancient zyme
   243 | Abyss:2  | Noticed a raiju
   245 | Abyss:2  | Noticed a raiju
   246 | Abyss:2  | Noticed a wretched star
   247 | Abyss:2  | Killed from afar by a raiju

Vanquished Creatures (others)
  2 starspawn tentacles (Abyss:2)
2 creatures vanquished.

Table legend:
 A = Non-vault XP
 B = Vault XP
 C = Vault XP percentage of total XP
 D = Non-vault monster count
 E = Vault monster count
 F = Vault count percentage of total count
                 A         B        C        D         E       F
            +---------+---------+-------+---------+---------+-------
      Total |       0 |       0 |   N/A |       0 |       0 |  -nan
            +---------+---------+-------+---------+---------+-------
            +---------+---------+-------+---------+---------+-------

Illustrated notes

Table legend: (Time is in decaauts)
 A = Elapsed time spent in this place.
 B = Non-inter-level travel time spent in this place.
 C = Inter-level travel time spent in this place.
 D = Time resting spent in this place.
 E = Time spent auto-exploring this place.
 F = Levels seen in this place.
 G = Mean time per level.
                   A        B        C        D        E       F      G
               +--------+--------+--------+--------+--------+-----+--------+
         Total |    249 |    249 |      0 |      0 |    173 |   2 |  124.5 |
         Abyss |    249 |    249 |      0 |      0 |    173 |   2 |  124.5 |
               +--------+--------+--------+--------+--------+-----+--------+

Top non-repeatable levels by time:
 Abyss:1: 190 daAuts
 Abyss:2: 58 daAuts
